AoeStats
← yatsude

Arena

509266665Analyzed
4v4 RM · 7d ago on Sep 26, 2026· 35m 41s· 8 players
Game mode
Random Map
Map size
Large (8 player)
Population
200
Speed
Normal
Resources
Standard
Victory
Conquest
Starting age
Dark Age
Ending age
Imperial Age
RankedLock teamsTeams togetherTeam positionsShared explorationLock speedFull tech treeHidden civsTurbo modeCheats
Victory
Defeat
🇲🇽 Poles · Mexico
1104
+13
🇺🇸 Burmese · United States
1090
+14
🇨🇳 Mongols · China
1084
+14
🇨🇳 Bohemians · China
1071
+14
🇨🇴 Malians · Colombia
1045
-14
🇨🇴 Danes · Colombia
1042
-14
🇨🇴 Persians · Colombia
1035
-14
🇨🇴 Franks · Colombia
1029
-13
Mr.Curiosity
0:27 Loom
9:42 Feudal Age
14:11 Castle Age
12:09 Double-Bit Axe
12:53 Horse Collar
16:27 Bow Saw
18:46 Loom
20:27 Heavy Plow
21:20 Gold Mining
21:37 Fletching
22:48 Padded Archer Armor
23:08 Husbandry
29:40 Wheelbarrow
29:46 Gold Shaft Mining
33:56 Imperial Age
31:31 Town Watch
31:44 Stone Mining
32:16 Leather Archer Armor
33:01 Ballistics
33:27 Bloodlines
33:22 Bodkin Arrow
33:45 Hand Cart
34:30 Stone Shaft Mining
34:50 Bracer
36:45 Chemistry
35:51 Siege Engineers
35:57 Masonry
35:10 Capped Ram
LkASr
10:45 Feudal Age
14:27 Castle Age
12:54 Stone Mining
15:33 Loom
18:50 Horse Collar
20:12 Padded Archer Armor
23:00 Fletching
24:09 Bodkin Arrow
24:54 Gold Mining
26:11 Guard Tower
32:10 Imperial Age
31:09 Wheelbarrow
30:40 Heavy Plow
34:31 Crop Rotation
36:03 Gold Shaft Mining
J_Dav
11:15 Feudal Age
16:14 Castle Age
19:27 Forging
19:12 Loom
27:03 Bloodlines
27:13 Town Watch
32:24 Horse Collar
King Bourbon
11:44 Feudal Age
16:10 Castle Age
15:21 Double-Bit Axe
15:31 Fletching
15:46 Padded Archer Armor
19:17 Chemistry
18:33 Loom
23:13 Masonry
30:52 Fervor
31:04 Sanctity
37:12 Imperial Age
DICO
10:53 Feudal Age
15:09 Castle Age
13:10 Double-Bit Axe
13:18 Stone Mining
14:04 Loom
19:25 Arson
21:05 Forging
31:45 Imperial Age
30:11 Squires
racied7
11:44 Feudal Age
11:02 Loom
17:12 Castle Age
15:35 Double-Bit Axe
18:08 Husbandry
19:45 Scale Barding Armor
25:27 Wheelbarrow
25:38 Chain Barding Armor
30:10 Hand Cart
32:55 Forging
yatsude
10:49 Feudal Age
16:40 Castle Age
15:38 Gold Mining
15:54 Double-Bit Axe
18:59 Scale Barding Armor
19:08 Forging
21:27 Husbandry
22:42 Wheelbarrow
24:44 Horse Collar
26:24 Bloodlines
26:36 Town Watch
30:41 Chain Barding Armor
34:38 Imperial Age
35:30 Plate Barding Armor
35:06 Cavalier
Galahad
11:52 Feudal Age
16:00 Castle Age
14:06 Double-Bit Axe
14:03 Horse Collar
17:04 Bow Saw
16:56 Heavy Plow
28:51 Fletching
31:46 Bodkin Arrow
Connection lost

Rejoining the realm…

Still unreachable

The connection could not be restored.

Session expired

The server has moved on; the page needs a fresh start.